 Dungeon Crawl Stone Soup version 0.26-a0-672-g1df16c3386 (webtiles) character file.

Game seed: 17458493089783876832

39 dolemite99 the Sneak (level 3, 0/19 HPs)
             Began as a Vine Stalker Delver on Oct 20, 2020.
             Slain by a leopard gecko (2 damage)
             ... on level 4 of the Dungeon.
             The game lasted 00:00:55 (153 turns).

dolemite99 the Sneak (Vine Stalker Delver)           Turns: 153, Time: 00:00:56

Health: 0/19       AC:  3    Str: 15    XL:     3   Next: 45%
Magic:  0/4        EV: 12    Int: 10    God:
Gold:   7          SH:  0    Dex: 15    Spells: 2/2 levels left

rFire    . . .     SeeInvis .   a - +0 short sword
rCold    . . .     Faith    .   (no shield)
rNeg     . . .     Spirit   +   b - +0 leather armour
rPois    .         Reflect  .   (no helmet)
rElec    .         Harm     .   (no cloak)
rCorr    .         Rampage  .   (no gloves)
MR       .....                  (no boots)
Stlth    +++.......             (no amulet)
HPRegen  0.06/turn              (no ring)
MPRegen  0.09/turn              (no ring)

@: no status effects
A: fangs 2, magic shield, antimagic bite, no potion heal 3, rot immunity
a: no special abilities


You were on level 4 of the Dungeon.
You visited 1 branch of the dungeon, and saw 2 of its levels.
You also visited: Sewer.

You collected 7 gold pieces.

Inventory:

Hand Weapons
 a - a +0 short sword (weapon)
 h - a +0 falchion
Armour
 b - a +0 leather armour (worn)
Wands
 g - a wand of digging (3)
Scrolls
 c - a scroll of fog
 d - a scroll of magic mapping
 e - a scroll of fear
Potions
 f - a potion of haste


   Skills:
 - Level 2.6 Fighting
 + Level 3.4 Short Blades
 - Level 1.5 Dodging
 - Level 6.0 Stealth


You had 2 spell levels left.
You didn't know any spells.
Your spell library was empty.

Dungeon Overview and Level Annotations

Branches:
Dungeon (5/15)              Sewer (visited)
 Temple: D:4-7

Altars:


Innate Abilities, Weirdness & Mutations

You have extremely sharp teeth.
When hurt, damage is shared between your health and your magic reserves.
Your bite disrupts and absorbs the magic of your enemies.
Potions cannot restore your health.
You are immune to rotting.


Message History

The hound is almost dead.
The hound barely misses you. The hound bites you.
* * * LOW HITPOINT WARNING * * *
You hit the hound.
You kill the hound!
Your Short Blades skill increases to level 3!
You have reached level 3!
Your experience leads to an increase in your attributes!
Increase (S)trength, (I)ntelligence, or (D)exterity?
You feel stronger. The jackal bites you.
* * * LOW HITPOINT WARNING * * *
The jackal barely misses you.
You hit the jackal. You bite the jackal, but do no damage.
The jackal is almost dead.
The jackal bites you but does no damage.
You hit the jackal.
You kill the jackal!
You miss the leopard gecko. The leopard gecko bites you.
You die...

. .# .#####.
+....h+ ### ..
#.....# ..#
...###..#..###
#.# ..#...#...#..
#.# #......l#...
#.# ##.#.##.##.#
#.# #...##.##@#
..# ###....Bl.#
### ##...##.####
#######.....#.#
....##........#
###....#..≈#..##
#††..≈≈≈≈≈...#
#..#≈≈≈≈≈†≈#.##.
#..≈≈≈≈≈≈≈≈.....P


You could see a worker ant and a leopard gecko.

Vanquished Creatures
  A hound (D:4)
  A leopard gecko (D:4)
  An orc (D:5)
  A jackal (D:4)
  3 ball pythons
  A frilled lizard (Sewer)
  A rat (D:4)
9 creatures vanquished.

Notes
Turn   | Place    | Note
-------+----------+-------------------------------------------
     0 | D:5      | dolemite99 the Vine Stalker Delver began the quest for the
                  | Orb.
     0 | D:5      | Reached XP level 1. HP: 11/11 MP: 2/2
    75 | D:4      | Found a glowing drain.
   101 | Sewer    | Entered a sewer
   109 | Sewer    | Reached XP level 2. HP: 16/16 MP: 3/3
   147 | D:4      | Reached XP level 3. HP: 3/19 MP: 0/4
   153 | D:4      | Slain by a leopard gecko

Illustrated notes

Levels and vault maps discovered:
D:4:      layout_loops_cross, kennysheep_mini,
          minmay_temple_entry_gardened_gates, cheibrodos_sewer_entry_drain,
          minmay_fractal_squares_diagonal_5
D:5:      layout_cave_pods

Skill      XL: |  1  2 |
---------------+-------+-----
Short Blades   | 2 3 |  3.4
Fighting       | |  2.6
Dodging        | |  1.5
Stealth        | |  6.0

Action                   || total
-------------------------++-------
Melee: Short sword       ||    11
       Falchion          ||    11
       Bite              ||     7
Armor: Leather armour    ||     2
Dodge: Dodged            ||    19
       Rpst.: Falchion   ||     5

Table legend: (Time is in decaauts)
 A = Elapsed time spent in this place.
 B = Non-inter-level travel time spent in this place.
 C = Inter-level travel time spent in this place.
 D = Time resting spent in this place.
 E = Time spent auto-exploring this place.
 F = Levels seen in this place.
 G = Mean time per level.
                   A        B        C        D        E       F      G
               +--------+--------+--------+--------+--------+-----+--------+
         Total |    157 |    157 |      0 |      0 |     37 |   3 |   52.3 |
       Dungeon |    145 |    145 |      0 |      0 |     37 |   2 |   72.5 |
         Sewer |     12 |     12 |      0 |      0 |      0 |   1 |   12.0 |
               +--------+--------+--------+--------+--------+-----+--------+

Top non-repeatable levels by time:
     D:4: 122 daAuts
     D:5: 23 daAuts
   Sewer: 12 daAuts
